Map: Abyssal Reef LE

Players

Rugi - Winner!

  • Race: Zerg Zerg
  • League: Master
  • Spawn Location: 5:00

Loken

  • Race: Protoss Protoss
  • League: Platinum
  • Spawn Location: 11:00

VOD

Have the link to the VOD?

Description

Time

  • Played on: March 30, 2017, 6:26 a.m.
  • Length: 14:35
Show
View Real Time Build Order
Export as new Build Order

Rugi Zerg - Winner!

Build Orders: Hatch First 

Get SALT Encoding   

  12  0:01  Drone  
  13  0:13  Overlord  
  13  0:18  Drone  
  14  0:31  Drone x2  
  14  0:35  Drone  
  18  0:57  Hatchery, Drone  
  18  0:58  Drone  
  18  1:04  Extractor  
  18  1:07  Drone  
  18  1:17  Spawning Pool  
  17  1:20  Drone  
  18  1:29  Drone  
  19  1:39  Overlord  
  19  2:05  Zergling x4  
  19  2:06  Queen  
  19  2:07  Metabolic Boost  
  23  2:08  Queen  
  23  2:09  Drone  
  23  2:13  Drone  
  27  2:20  Drone  
  27  2:22  Drone  
  29  2:33  Drone x2  
  31  2:41  Drone  
  32  3:09  Queen, Drone  
  32  3:10  Overlord  
  32  3:11  Queen  
  32  3:12  Spore Crawler  
  37  3:18  Overlord  
  37  3:19  Roach Warren  
  36  3:26  Hatchery  
  35  3:33  Drone x4  
  35  3:34  Drone x4  
  42  3:35  Drone  
  44  3:42  Extractor  
  44  3:43  Drone  
  44  3:48  Drone  
  43  4:06  Drone x4  
  43  4:07  Drone x2  
  49  4:18  Lair, Overlord  
  49  4:19  Overlord  
  49  4:23  Queen  
  51  4:33  Drone  
  51  4:34  Overlord x2  
  51  4:35  Overlord  
  52  4:38  Roach  
  52  4:39  Roach x4  
  62  4:52  Drone  
  63  4:58  Drone x3  
  63  4:59  Drone  
  67  5:00  Roach x3  
  67  5:05  Drone  
  74  5:14  Drone  
  74  5:17  Roach x2  
  74  5:19  Overseer  
  79  5:26  Glial Reconstitution  
  79  5:27  Roach x2  
  79  5:28  Roach  
  85  5:35  Extractor  
  84  5:36  Drone x2  
  84  5:37  Drone x5  
  84  5:38  Overseer  
  84  5:41  Drone  
  92  6:05  Drone x5  
  92  6:07  Extractor  
  92  6:08  Drone x2  
  92  6:09  Extractor, Overlord x2  
  97  6:13  Hydralisk Den, Overlord x2  
  97  6:14  Baneling Nest  
  97  6:15  Spore Crawler  
  97  6:16  Spore Crawler  
  93  6:18  Spore Crawler  
  93  6:21  Overlord  
  93  6:22  Extractor  
  91  6:28  Roach  
  91  6:29  Roach x6  
  105  6:36  Drone x3  
  108  6:43  Muscular Augments  
  108  6:46  Drone x2  
  111  6:47  Drone  
  111  6:50  Drone x2  
  111  6:53  Drone  
  114  6:54  Drone x2  
  114  6:58  Drone  
  114  7:01  Evolution Chamber x2  
  116  7:05  Drone  
  116  7:15  Roach x6  
  128  7:16  Hydralisk  
  128  7:19  Overlord x3  
  128  7:21  Overlord  
  128  7:22  Overlord  
  130  7:24  Pneumatized Carapace  
  130  7:37  Hydralisk x5  
  130  7:38  Hatchery, Hydralisk x3  
  130  7:40  Centrifical Hooks  
  130  7:43  Zerg Melee Weapons Level 1  
  145  7:51  Zergling x2, Zerg Ground Armor Level 1  
  145  7:52  Zergling x14  
  153  8:18  Baneling  
  153  8:19  Baneling x15  
  153  8:50  Drone x4  
  153  8:51  Drone x3  
  153  8:53  Overlord x7  
  160  8:58  Overseer, Extractor x2  
  160  9:00  Spine Crawler  
  160  9:01  Spine Crawler, Spore Crawler  
  160  9:02  Hydralisk  
  155  9:03  Hydralisk  
  159  9:13  Hydralisk  
  159  9:14  Hydralisk x15  
  157  9:38  Hydralisk x7  
  157  9:39  Hydralisk  
  175  9:45  Roach  
  175  9:46  Roach x4  
  175  9:49  Zergling x2  
  175  9:50  Zergling x14  
  191  10:06  Zergling x16  
  199  10:15  Baneling x7  
  199  10:16  Baneling x9  
  199  10:38  Baneling x6  
  199  10:39  Baneling x10  
  197  11:10  Spire  
  196  11:20  Overlord  
  196  11:21  Overlord  
  196  11:24  Spire  
  196  11:25  Drone x2  
  196  11:26  Drone x2  
  196  11:29  Zerg Ground Armor Level 2  
  199  11:38  Hatchery  
  144  12:25  Mutalisk x7  
  144  12:26  Mutalisk x13  
  176  12:31  Zerg Flyer Weapons Level 1  
  176  12:37  Zerg Flyer Armor Level 1  
  176  12:40  Zergling x8  
  176  12:42  Roach x2  
  176  12:43  Roach x3  
  190  12:55  Drone  
  191  13:10  Spine Crawler, Spore Crawler  
  189  13:20  Drone x2  
  191  13:31  Spine Crawler  
  189  13:35  Spine Crawler  
  189  13:36  Spine Crawler  
  189  13:37  Extractor  
  179  13:52  Overseer x3  
  179  13:54  Roach  
  179  13:55  Roach x12  
  197  14:08  Roach  
Show
View Real Time Build Order
Export as new Build Order

Loken Protoss 

Build Orders: 1 Gate Expand 

Get SALT Encoding   

  12  0:01  Probe (Chrono Boost)  
  13  0:12  Probe (Chrono Boost)  
  14  0:22  Probe (Chrono Boost)  
  14  0:26  Pylon  
  15  0:44  Probe (Chrono Boost)  
  15  0:48  Gateway  
  16  0:55  Probe (Chrono Boost)  
  17  1:05  Probe (Chrono Boost)  
  18  1:16  Probe (Chrono Boost)  
  19  1:19  Nexus  
  19  1:26  Probe (Chrono Boost)  
  19  1:31  Pylon  
  20  1:35  Cybernetics Core  
  20  1:40  Assimilator  
  20  1:41  Probe (Chrono Boost)  
  20  1:44  Zealot  
  23  1:55  Pylon  
  23  2:07  Assimilator  
  23  2:15  Probe (Chrono Boost)  
  24  2:18  Zealot  
  26  2:23  Warp Gate  
  26  2:28  Probe (Chrono Boost)  
  27  2:33  Probe (Chrono Boost)  
  28  2:40  Probe (Chrono Boost)  
  28  2:43  Stalker  
  30  2:44  Probe (Chrono Boost)  
  30  2:45  Assimilator  
  33  2:52  Probe (Chrono Boost)  
  33  2:55  Probe (Chrono Boost)  
  33  2:58  Pylon  
  34  3:04  Probe (Chrono Boost)  
  32  3:10  Stalker, Probe (Chrono Boost)  
  35  3:21  Probe (Chrono Boost)  
  37  3:27  Probe (Chrono Boost)  
  37  3:31  Probe (Chrono Boost)  
  37  3:34  Twilight Council  
  38  3:38  Stargate  
  38  3:39  Probe (Chrono Boost)  
  39  3:51  Probe (Chrono Boost)  
  40  3:59  Stalker  
  40  4:01  Probe (Chrono Boost)  
  43  4:11  Probe (Chrono Boost)  
  43  4:15  Probe (Chrono Boost)  
  45  4:22  Blink, Probe (Chrono Boost)  
  46  4:27  Probe (Chrono Boost)  
  47  4:33  Probe (Chrono Boost)  
  47  4:34  Assimilator  
  49  4:39  Probe (Chrono Boost)  
  49  4:43  Probe (Chrono Boost)  
  50  4:51  Probe (Chrono Boost)  
  51  4:54  Probe (Chrono Boost)  
  51  4:55  Gateway  
  51  4:57  Gateway  
  51  4:59  Gateway  
  52  5:01  Gateway  
  52  5:03  Forge, Probe (Chrono Boost)  
  52  5:04  Probe (Chrono Boost)  
  52  5:05  Forge  
  54  5:07  Pylon  
  54  5:19  Pylon  
  54  5:20  Pylon  
  54  5:21  Pylon  
  54  5:26  Probe (Chrono Boost)  
  54  5:27  Probe (Chrono Boost)  
  56  5:30  Phoenix  
  56  5:31  Pylon  
  58  5:39  Probe (Chrono Boost)  
  59  5:48  Dark Shrine  
  59  6:14  Void Ray  
  63  6:18  Protoss Ground Weapons Level 1, Protoss Ground Armor Level 1  
  63  6:24  Stalker x4  
  63  6:25  Stalker  
  73  6:48  Stalker  
  73  6:49  Stalker x4  
  83  7:04  Photon Cannon  
  83  7:08  Pylon  
  83  7:10  Pylon  
  83  7:13  Stalker x5  
  93  7:23  Nexus  
  93  7:36  Dark Templar x4  
  101  7:37  Dark Templar  
  103  7:47  Probe (Chrono Boost)  
  103  7:49  Pylon  
  104  7:53  Pylon  
  104  7:57  Pylon, Probe (Chrono Boost)  
  105  8:01  Pylon  
  105  8:04  Protoss Ground Weapons Level 2  
  101  8:13  Stalker x3  
  101  8:14  Stalker x2  
  111  8:34  Probe x2 (Chrono Boost)  
  113  8:35  Probe (Chrono Boost)  
  114  8:46  Probe x3 (Chrono Boost)  
  117  8:56  Probe (Chrono Boost)  
  117  8:58  Probe x2 (Chrono Boost)  
  113  9:10  Dark Templar, Probe (Chrono Boost)  
  113  9:11  Dark Templar x4  
  75  9:32  Photon Cannon  
  75  9:40  Probe (Chrono Boost)  
  76  9:47  Photon Cannon  
  76  9:48  Zealot  
  76  9:49  Zealot x4  
  76  9:51  Photon Cannon  
  87  9:53  Probe (Chrono Boost)  
  87  9:58  Assimilator  
  87  10:03  Assimilator  
  87  10:04  Probe (Chrono Boost)  
  87  10:05  Probe x2 (Chrono Boost)  
  90  10:14  Probe (Chrono Boost)  
  90  10:17  Probe x2 (Chrono Boost)  
  93  10:23  Stalker  
  93  10:24  Stalker x4  
  93  10:26  Fleet Beacon  
  104  10:29  Probe (Chrono Boost)  
  94  11:03  Zealot x2  
  94  11:04  Zealot x3  
  98  11:06  Tempest  
  98  11:07  Charge  
  102  11:17  Stargate  
  108  11:22  Stargate  
  108  11:38  Protoss Air Weapons Level 1  
  102  12:00  Tempest x2  
  99  12:05  Tempest  
  93  12:34  Dark Templar  
  93  12:35  Dark Templar x4  
  103  12:37  Tempest  
  103  12:38  Tempest  
  115  12:54  Probe (Chrono Boost)  
  117  13:06  Probe (Chrono Boost)  
  117  13:10  Tempest  
  123  13:18  Probe (Chrono Boost)  
  109  13:48  Phoenix x2  
Tags
 
Add a new tag
Caveats
  • Supply blocks, unpowered buildings, or Contaminate may cause inaccurate times.
  • Supply counts are checked every 10 seconds.